 Dungeon Crawl Stone Soup version 0.27.0-1-g7a089689b8 (webtiles) character file.

Game seed: 5008448706317236375

4 ZombieSheep the Sneak (level 1, -1/10 (11) HPs)
             Began as an Octopode Enchanter on Aug 3, 2021.
             Slain by a rat (2 damage)
             ... on level 1 of the Dungeon.
             The game lasted 00:00:45 (358 turns).

ZombieSheep the Sneak (Octopode Enchanter)           Turns: 358, Time: 00:00:46

HP:   -1/10 (11)    AC:  1    Str:  7    XL:     1   Next: 70%
MP:   3/3           EV: 13    Int: 17    God:
Gold: 0             SH:  0    Dex: 12    Spells: 3/4 levels left

rFire    . . .     SeeInvis .   a - +1 dagger (drain)
rCold    . . .     Faith    .   (no shield)
rNeg     . . .     Spirit   .   (helmet restricted)
rPois    .         Reflect  .   (no amulet)
rElec    .         Harm     .   (no ring)
rCorr    .         Rampage  .   (no ring)
Will     .....                  (no ring)
Stlth    +++.......             (no ring)
HPRegen  0.03/turn              (no ring)
MPRegen  0.08/turn              (no ring)
                                (no ring)
                                (no ring)

@: drained
A: almost no armour, amphibious, 8 rings, camouflage 1, gelatinous body 1,
(nimble swimmer 1), tentacles
a: no special abilities


You were on level 1 of the Dungeon.
You visited 1 branch of the dungeon, and saw 1 of its levels.

Inventory:

Hand Weapons
 a - a +1 dagger of draining (weapon)
 c - a +1 dagger
Armour
 b - a +2 buckler


   Skills:
 + Level 1.1 Short Blades
 + Level 2.1 Dodging
 + Level 4.1 Stealth
 + Level 0.2 Shields
 - Level 2.0 Spellcasting
 - Level 3.0 Hexes


You had 3 spell levels left.
You knew the following spells:

 Your Spells              Type           Power      Damage    Failure   Level
a - Corona                Hex            13%        N/A       5%          1

Your spell library contained the following spells:

 Spells                   Type           Power      Damage    Failure   Level
 Ensorcelled Hibernation  Hex/Ice        12%        N/A       16%         2
 Confusing Touch          Hex            12%        N/A       17%         3
 Tukima's Dance           Hex            12%        N/A       17%         3
 Dazzling Flash           Conj/Hex       12%        N/A       30%         3


Dungeon Overview and Level Annotations

Branches:
Dungeon (1/15)

Altars:


Innate Abilities, Weirdness & Mutations

You cannot wear most types of armour.
You are amphibious.
You can wear up to eight rings at the same time.
Your skin changes colour to match your surroundings (Stealth+).
Your rubbery body absorbs attacks. (AC +1, EV +1)
((You are camouflaged near water. (Stealth+)))
You have tentacles for arms and can constrict up to eight enemies at once.


Message History

The kobold hits you but does no damage.
You feel drained.
You hit the kobold.
The kobold is severely wounded.
You constrict the kobold.
You kill the kobold!
You start resting.
HP restored.
Things that are here:
a +1 dagger of draining; a kobold skeleton
c - a +1 dagger of draining Adjust to which letter? (? for menu, Esc to quit)
a - a +1 dagger of draining;
c - a +1 dagger (weapon)
You sense an unholy aura.
a - a +1 dagger of draining (weapon)
Found a club.
Things that are here:
a +0 short sword; a stone; a kobold skeleton A quokka is nearby!
A rat comes into view.
Found a plate armour.
A goblin comes into view. It is wielding a +0 dagger.
The goblin shouts!
The goblin hits you with a +0 dagger.
You hit the goblin. You drain the goblin.
You kill the goblin!
You hit the rat but do no damage. Your grab misses the rat. The rat misses you.
You hit the quokka but do no damage. Your grab misses the quokka.
The quokka bites you.
Ouch! That really hurt!
The rat misses you. The quokka bites you.
* * * LOW HITPOINT WARNING * * *
You are too injured to fight recklessly!
You are too injured to fight recklessly!
You are too injured to fight recklessly!
You hit the quokka but do no damage. Your grab misses the quokka.
The rat bites you but does no damage. The quokka closely misses you.
You hit the quokka. Your grab misses the quokka.
The quokka is heavily wounded.
The rat bites you.
You die...

..... ######.####.[..#
..... #...##.........#
..... #...##.........
.....###...##.......#
............>.......# #
..)...##..)#........##..
#####.#####............#
#...#####..#...r.....#
#.#.......(#..@......#
##.########.#..r......#
##[.รท#### #.#..........
........####.#.........#
...<...(...#.#.........#
........####.#.........#
##...####....#.........#
.##.##....#..###########
.......##.......#


You could see a quokka and a rat.

Vanquished Creatures
  A goblin (D:1)
  A hobgoblin (D:1)
  2 kobolds (D:1)
4 creatures vanquished.

Notes
Turn   | Place    | Note
-------+----------+-------------------------------------------
     0 | D:1      | ZombieSheep the Octopode Enchanter began the quest for the
                  | Orb.
     0 | D:1      | Reached XP level 1. HP: 11/11 MP: 3/3
   358 | D:1      | Slain by a rat

Illustrated notes

Levels and vault maps discovered:
D:1:      dpeg_arrival_rhombus, layout_basic, chequers_serial_rivers_micro_b

Action                   || total
-------------------------++-------
Melee: Dagger            ||    13
       Constrict         ||     3
       Tentacles         ||     2
Armor: Skin              ||     2
Dodge: Dodged            ||     4
